 Dungeon Crawl Stone Soup version 0.29-a0-43-g62a80824bf (webtiles) character file.

Game seed: 10196173088800526639

200 soggyman666 the Firebug (level 5, -5/39 HPs)
             Began as a Demigod Fire Elementalist on Feb 2, 2022.
             Slain by an ogre (10 damage)
             ... on level 4 of the Dungeon.
             The game lasted 00:07:54 (4222 turns).

soggyman666 the Firebug (Demigod Fire Elementalist) Turns: 4222, Time: 00:07:55

Health: -5/39      AC:  4    Str:  9    XL:     5   Next: 24%
Magic:  11/11      EV: 11    Int: 21    God:
Gold:   86         SH:  0    Dex: 14    Spells: 8/9 levels left

rFire   . . .      SeeInvis .   g - +0 dagger (venom)
rCold   . . .      Faith    .   (no shield)
rNeg    . . .      Spirit   .   b - +0 leather armour
rPois   .          Reflect  .   i - +0 helmet
rElec   .          Harm     .   (no cloak)
rCorr   .          Rampage  .   (no gloves)
Will    +....                   (no boots)
Stlth   ++........              (no amulet)
HPRegen 0.13/turn               c - ring of willpower
MPRegen 0.12/turn               (no ring)

@: no status effects
A: high MP 1, forlorn, divine attributes
a: no special abilities


You were on level 4 of the Dungeon.
You visited 1 branch of the dungeon, and saw 4 of its levels.

You collected 86 gold pieces.

Inventory:

Hand Weapons
 g - a +0 dagger of venom (weapon)
 j - a +1 dagger of flaming
Armour
 b - a +0 leather armour (worn)
 i - a +0 helmet (worn)
Jewellery
 c - a ring of willpower (left hand)
Scrolls
 a - 2 scrolls of blinking
 d - 2 scrolls of teleportation
 k - a scroll of fog
Potions
 e - 3 potions of might
 f - a potion of magic
 l - a potion of heal wounds
 m - a potion of brilliance


   Skills:
 + Level 0.3 Fighting
 + Level 0.7 Short Blades
 + Level 2.0 Armour
 + Level 1.9 Dodging
 + Level 2.1 Stealth
 + Level 2.6 Spellcasting
 + Level 2.3 Conjurations
 + Level 3.5 Fire Magic


You had 8 spell levels left.
You knew the following spells:

 Your Spells              Type           Power      Damage    Failure   Level
a - Foxfire               Conj/Fire      60%        2x1d7     5%          1

Your spell library contained the following spells:

 Spells                   Type           Power      Damage    Failure   Level
 Scorch                   Fire           34%        2d6       7%          2
 Conjure Flame            Conj/Fire      15%        6-21      17%         3
 Inner Flame              Hex/Fire       10%        N/A       26%         3
 Flame Wave               Conj/Fire      15%        2d6       50%         4


Dungeon Overview and Level Annotations

Branches:
Dungeon (4/15)
 Temple: D:4-7

Annotations:
D:4 Menkaure


Innate Abilities, Weirdness & Mutations

You have an increased reservoir of magic. (+10% MP)
You shall have no god before yourself.
Your divine heritage dramatically boosts your attributes as you level up.


Message History

There is a stone staircase leading down here.
You start resting.
Magic restored.
You start resting.
Your transformation is almost over.
You start resting.
You stop sporulating.
Your +0 dagger of venom unmelds from your body.
Your +0 helmet unmelds from your body.
Your +0 leather armour unmelds from your body.
Your +0 dagger of venom begins to drip with poison!
You start resting.
HP restored.
You climb downwards.
Level annotation: Menkaure The ogre barely misses you.
There is a stone staircase leading up here.
You hit the ogre.
The ogre is poisoned.
The ogre is lightly wounded.
The ogre barely misses you.
You barely miss the ogre.
The ogre is lightly wounded.
The ogre barely misses you.
You barely miss the ogre.
The ogre is lightly wounded.
The ogre hits you with a +0 giant club!!
You hit the ogre.
The ogre looks as sick as possible!
The ogre is moderately wounded.
You barely miss the ogre.
The ogre is heavily wounded.
The ogre hits you with a +0 giant club.
You hit the ogre.
The ogre looks as sick as possible!
The ogre is severely wounded.
The ogre hits you with a +0 giant club!
* * * LOW HITPOINT WARNING * * *
You are too injured to fight recklessly!
You hit the ogre.
The ogre looks as sick as possible!
The ogre is almost dead.
The ogre hits you with a +0 giant club!
You die...

####. ### ...Jh
#@# #.#########
...#.
#.OZ.......<..#
##.#
#####.#####.#....#
(# #.# #### ..(
#.# ...# #.# ..#
#.# ..Z #.. #..


You could see an ogre (extremely poisoned) and a hound skeleton.

Vanquished Creatures
  Jessica (D:2)
  Ijyb (D:4)
  An orc wizard (D:3)
  2 adders (D:3)
  12 dart slugs (D:3)
  3 orcs (D:3)
  7 ball pythons
  3 bats (D:2)
  6 endoplasms
  3 giant cockroaches
  A goblin (D:2)
  A hobgoblin (D:3)
  3 jackals (D:1)
  2 quokkas
  A frilled lizard (D:1)
  3 kobolds
  4 rats
54 creatures vanquished.

Vanquished Creatures (collateral kills)
  A foxfire (D:2)
1 creature vanquished.

Vanquished Creatures (others)
  An orc wizard (D:3)
  194 foxfires
195 creatures vanquished.

Grand Total: 250 creatures vanquished

Notes
Turn   | Place    | Note
-------+----------+-------------------------------------------
     0 | D:1      | soggyman666 the Demigod Fire Elementalist began the quest
                  | for the Orb.
     0 | D:1      | Reached XP level 1. HP: 14/14 MP: 5/5
   463 | D:1      | Reached skill level 3 in Fire Magic
   563 | D:1      | Reached XP level 2. HP: 20/20 MP: 2/7
  1284 | D:2      | Noticed Jessica
  1293 | D:2      | Killed Jessica
  1294 | D:2      | Reached skill level 1 in Armour
  1294 | D:2      | Reached skill level 1 in Conjurations
  1294 | D:2      | Reached XP level 3. HP: 11/26 MP: 3/8
  2923 | D:3      | Reached XP level 4. HP: 33/33 MP: 2/10
  3730 | D:3      | Reached XP level 5. HP: 36/39 MP: 8/11
  4084 | D:4      | Noticed an ogre
  4115 | D:4      | Noticed Menkaure
  4171 | D:4      | Noticed Ijyb
  4181 | D:4      | Killed Ijyb
  4222 | D:4      | Slain by an ogre

Illustrated notes

Levels and vault maps discovered:
D:1:      lemuel_arrival_broad_hall, layout_basic, basic_ecumenical_altar,
          corner_web_ring
D:2:      layout_basic, serial_bayou_ford_a, uniq_jessica
D:3:      kennysheep_slugbush, layout_loops_cross, minmay_curled_crystal
D:4:      layout_basic, uniq_menkaure, uniq_ijyb

Skill      XL: |  1  2  3  4  5 |
---------------+----------------+-----
Spellcasting   | 2 |  2.6
Fire Magic     | 3 |  3.5
Armour         | 1 2 |  2.0
Conjurations   | 1 2 |  2.3
Stealth        | 2 |  2.1
Fighting       | |  0.3
Short Blades   | |  0.7
Dodging        | |  1.9

Action                   |  1- 3 |  4- 6 || total
-------------------------+-------+-------++-------
Melee: Unarmed           |     1 |     6 ||     7
       Dagger            |    23 |    46 ||    69
 Cast: Foxfire           |    85 |    45 ||   130
  Use: Scroll            |     4 |     4 ||     8
 Stab: Confused          |       |     2 ||     2
Armor: Leather armour    |    10 |    15 ||    25
       Skin              |       |     1 ||     1
Dodge: Dodged            |    32 |    23 ||    55

Table legend: (Time is in decaauts)
 A = Elapsed time spent in this place.
 B = Non-inter-level travel time spent in this place.
 C = Inter-level travel time spent in this place.
 D = Time resting spent in this place.
 E = Time spent auto-exploring this place.
 F = Levels seen in this place.
 G = Mean time per level.
                   A        B        C        D        E       F      G
               +--------+--------+--------+--------+--------+-----+--------+
         Total |   4243 |   3989 |    254 |    262 |   3187 |   4 | 1060.8 |
       Dungeon |   4243 |   3989 |    254 |    262 |   3187 |   4 | 1060.8 |
               +--------+--------+--------+--------+--------+-----+--------+

Top non-repeatable levels by time:
     D:2: 1664 daAuts
     D:3: 1424 daAuts
     D:1: 1130 daAuts
     D:4: 23 daAuts
